 Dungeon Sprint DCSS version 0.23.2-1-ga50397a6bc (webtiles) character file.

Game seed: 6402341567904589968

6472 Kobolds4U the Unseen (level 10, -2/53 HPs)
             Began as a Spriggan Assassin on Apr 24, 2019.
             Was a Follower of Ru.
             Engulfed by a cloud of steam (5 damage)
             ... in the Dungeon (Sprint I: "Red Sonja").
             The game lasted 00:06:35 (890 turns).

Kobolds4U the Unseen (Spriggan Assassin)             Turns: 890, Time: 00:06:35

Health: -2/53      AC:  3    Str:  7    XL:     10   Next: 68%
Magic:  11/11      EV: 32    Int: 12    God:    Ru [*.....]
Gold:   548        SH:  0    Dex: 22    Spells: 9/9 levels left

rFire    . . .     SeeInvis +   a - +2 dagger (elec)
rCold    . . .     Gourm    .   (shield restricted)
rNeg     . . .     Faith    .   c - +0 robe
rPois    +         Spirit   .   (helmet restricted)
rElec    .         Reflect  .   d - +0 cloak
rCorr    .         Harm     .   (gloves unavailable)
MR       +....     NoTele   +   (boots unavailable)
Stlth    +++++++...             (no amulet)
HPRegen  0.17/turn              p - ring of poison resistance
MPRegen  0.12/turn              (no ring)

@: very quick
A: very small, unfitting armour, see invisible, herbivore, speed 3, slow
metabolism 2, hated by all
a: Renounce Religion


You were in the Dungeon.
You worshipped Ru.
Ru was aware of your devotion.
You were not hungry.

You visited 1 branch You collected 788 gold pieces.
You spent 240 gold pieces at shops.

Inventory:

Hand Weapons
 a - a +2 dagger of electrocution (weapon)
 b - a +0 blowgun
Missiles
 e - 7 poisoned needles
 f - 2 curare-tipped needles
Armour
 c - a +0 robe (worn)
 d - a +0 cloak (worn)
Jewellery
 p - a ring of poison resistance (left hand)
Wands
 n - a wand of polymorph (3)
Scrolls
 m - a scroll of blinking
 q - a scroll of fear {unknown}
Potions
 h - 2 potions of curing
 i - a potion of heal wounds
 j - a potion of haste
 k - 2 potions of magic
 l - a potion of berserk rage
 o - a potion of ambrosia {unknown}
Comestibles
 g - 2 rations


   Skills:
 - Level 6.5 Fighting
 - Level 15.1 Short Blades
 - Level 12.6 Throwing
 + Level 13.9 Dodging
 + Level 18.5 Stealth


You had 9 spell levels left.
You didn't know any spells.
Your spell library was empty.

Dungeon Overview and Level Annotations

Branches:
Dungeon (1/1)

Altars:
Cheibriados
Dithmenos
Elyvilon
Fedhas
Gozag
Hepliaklqana
Kikubaaqudgha
Makhleb
Nemelex Xobeh
Okawaru
Qazlal
Ru
Sif Muna
Trog
Uskayaw
Vehumet
Wu Jian
Xom
Yredelemnul
Zin
The Shining One
Jiyva
Lugonu

Shops:
D *


Innate Abilities, Weirdness & Mutations

You are very small and have problems with some larger weapons.
You are too small for most types of armour.
You have supernaturally acute eyesight. (SInv)
You are a herbivore.
You cover ground extremely quickly.
You need to consume almost no food.
You are hated by all.


Message History

You are engulfed in a cloud of scalding steam.
Found 27 gold pieces.
You are engulfed in a cloud of scalding steam.
There is an open door here.
There's nothing to close nearby.
Really walk into that arrow trap?
Okay, then.
Really walk into that arrow trap? [Y]es or [N]o only, please.
Really walk into that arrow trap?
Okay, then.
Really walk into that arrow trap?
An arrow shoots out and hits you!
* * * LOW HITPOINT WARNING * * *
You are engulfed in a cloud of scalding steam.
* * * LOW HITPOINT WARNING * * *
There is an arrow trap here.
You close the door.
You are engulfed in a cloud of scalding steam.
You die...

#######################
.§§†§§§§.§§§†.#§@+§§§$#
§####§§§.§##..§§§#§§§$#
§#)###§§§#######+#§§%§§#
§#'#.###+# #$§§$§#
##^..#y# ##$ $§#
^#...### # ## .○.....#
☼#^....# °###++##


There were no monsters in sight!

Vanquished Creatures
  A lorocyproca (D)
  A hydra (D)
  A lindwurm (D)
  A gargoyle (D)
  2 kobold demonologists (D)
  4 demonic crawlers (D)
  A slime creature (D)
  Sigmund (D)
  A yak (D)
  13 hogs (D)
  2 floating eyes (D)
  An ogre (D)
  A jelly (D)
  Ijyb (D)
31 creatures vanquished.

Notes
Turn   | Place    | Note
-------+----------+-------------------------------------------
     0 | D        | Kobolds4U the Spriggan Assassin began the quest for the
                  | Orb.
     0 | D        | Reached XP level 1. HP: 10/10 MP: 2/2
     1 | D        | Noticed Ijyb
    51 | D        | Killed Ijyb
    51 | D        | Reached skill level 9 in Stealth
    51 | D        | Reached XP level 2. HP: 5/16 MP: 3/3
   310 | D        | Noticed an ogre
   313 | D        | Killed an ogre
   313 | D        | Reached skill level 11 in Stealth
   313 | D        | Reached XP level 3. HP: 20/20 MP: 4/4
   313 | D        | Reached XP level 4. HP: 24/24 MP: 5/5
   322 | D        | Noticed Sigmund
   325 | D        | Killed Sigmund
   325 | D        | Reached skill level 10 in Short Blades
   325 | D        | Reached XP level 5. HP: 28/28 MP: 6/6
   337 | D        | Found a burning altar of Makhleb.
   337 | D        | Found a viscous altar of Jiyva.
   337 | D        | Found a shimmering altar of Xom.
   337 | D        | Found a corrupted altar of Lugonu.
   337 | D        | Noticed a slime creature
   340 | D        | Killed a slime creature
   340 | D        | Reached XP level 6. HP: 35/35 MP: 7/7
   347 | D        | Found an ornate altar of the Wu Jian Council.
   347 | D        | Found a deep blue altar of Sif Muna.
   349 | D        | Found a radiant altar of Vehumet.
   480 | D        | Found Taklaet's General Store.
   480 | D        | Found an ancient bone altar of Kikubaaqudgha.
   480 | D        | Found a hazy altar of Hepliaklqana.
   480 | D        | Found a stormy altar of Qazlal.
   480 | D        | Found a hide-covered altar of Uskayaw.
   480 | D        | Found a blossoming altar of Fedhas.
   480 | D        | Found a bloodstained altar of Trog.
   480 | D        | Found an iron altar of Okawaru.
   480 | D        | Found a basalt altar of Yredelemnul.
   480 | D        | Found a glowing golden altar of the Shining One.
   480 | D        | Found a snail-covered altar of Cheibriados.
   480 | D        | Found a sacrificial altar of Ru.
   480 | D        | Found a glowing silver altar of Zin.
   480 | D        | Found a shadowy altar of Dithmenos.
   480 | D        | Found a white marble altar of Elyvilon.
   480 | D        | Noticed a yak
   481 | D        | Found an opulent altar of Gozag.
   482 | D        | Killed a yak
   482 | D        | Reached XP level 7. HP: 38/38 MP: 8/8
   483 | D        | Found a sparkling altar of Nemelex Xobeh.
   487 | D        | Bought a scroll of brand weapon for 240 gold pieces
   490 | D        | Became a worshipper of Ru the Awakened
   515 | D        | Noticed a kobold demonologist
   516 | D        | Noticed a kobold demonologist
   519 | D        | Killed a kobold demonologist
   519 | D        | Reached skill level 5 in Fighting
   519 | D        | Reached skill level 12 in Stealth
   521 | D        | Killed a kobold demonologist
   521 | D        | Reached skill level 13 in Stealth
   521 | D        | Reached XP level 8. HP: 45/45 MP: 9/9
   523 | D        | Paralysed by a floating eye for 3 turns
   535 | D        | Noticed a demonic crawler
   535 | D        | Noticed a demonic crawler
   535 | D        | Noticed a demonic crawler
   535 | D        | Noticed a demonic crawler
   537 | D        | Killed a demonic crawler
   537 | D        | Reached skill level 14 in Stealth
   538 | D        | Killed a demonic crawler
   538 | D        | Reached skill level 15 in Stealth
   540 | D        | Killed a demonic crawler
   540 | D        | Reached skill level 5 in Throwing
   540 | D        | Reached XP level 9. HP: 49/49 MP: 10/10
   541 | D        | Killed a demonic crawler
   541 | D        | Reached skill level 15 in Short Blades
   558 | D        | Noticed a lindwurm
   562 | D        | Killed a lindwurm
   573 | D        | Noticed a gargoyle
   576 | D        | Killed a gargoyle
   576 | D        | Reached skill level 10 in Throwing
   578 | D        | Noticed a meliai
   578 | D        | Noticed a lorocyproca
   584 | D        | Killed a lorocyproca
   584 | D        | Reached XP level 10. HP: 53/53 MP: 11/11
   697 | D        | Reached skill level 10 in Dodging
   703 | D        | Reached skill level 16 in Stealth
   715 | D        | Gained mutation: You are hated by all. [Ru sacrifice]
   715 | D        | Reached * piety under Ru
   737 | D        | Reached skill level 17 in Stealth
   867 | D        | Noticed a 12-headed hydra
   869 | D        | Killed a 12-headed hydra
   869 | D        | Reached skill level 18 in Stealth
   890 | D        | Engulfed by a cloud of steam

Skill      XL: |  1  2  3  4  5  6  7  8  9 10 |
---------------+-------------------------------+-----
Fighting       | 3 4 6 |  6.5
Stealth        | 9 11 13 15 18 | 18.5
Short Blades   | 3 10 11 12 13 14 15 | 15.1
Dodging        | 6 8 13 | 13.9
Throwing       | 5 12 | 12.6

Action                   |  1- 3 |  4- 6 |  7- 9 | 10-12 || total
-------------------------+-------+-------+-------+-------++-------
Melee: Dagger            |    15 |    11 |    14 |    87 ||   127
 Fire: Blowgun           |     5 |       |       |       ||     5
Invok: Sacrifice Love    |       |       |       |     1 ||     1
  Use: Scroll            |       |       |     1 |       ||     1
 Stab: Sleeping          |     1 |     3 |     9 |     2 ||    15
Armor: Skin              |     3 |       |       |       ||     3
       Robe              |     1 |       |       |     2 ||     3
Dodge: Dodged            |     6 |     4 |       |    48 ||    58
